Cogmind - Beta 11.1 @@@ ROGUE MODE // 2022.05.04 @ 14:02:12 Player: Azken Zutik Result: Self-destructed Performance ------------- Evolutions (3) 1500 Regions Visited (9) 1800 Robots Destroyed (1) 5 Value Destroyed (16) 16 Prototype IDs (0) 0 Alien Tech Used (0) 0 Bonus (300) 300 TOTAL SCORE: 3621 Bonus ------- Aligned with FarCom 300 Cogmind --------- Core Integrity 92/700 Matter 300/300 Energy 100/100 System Corruption 4% Temperature Cool (0) Movement Core (50) Location -7/Waste Parts ------- > --- POWER (1) -------- (None) > --- PROPULSION (2) --- (None) > --- UTILITY (8) ------ (None) > --- WEAPON (2) ------- (None) > --- INVENTORY (5) ---- Wheel Wheel Datajack Peak State ------------ > --- POWER ------------ (None) > --- PROPULSION ------- (None) > --- UTILITY ---------- Hacking Suite > --- WEAPON ----------- Medium Laser > --- INVENTORY -------- Light Treads Wheel Wheel Datajack [Rating: 4] Favorites ----------- Power None Propulsion Light Treads Treads Light Treads Utility Hacking Suite Hackware Hacking Suite Weapon Medium Laser Energy Gun Medium Laser Build | -11 -10 -10 -9 -9 -9 -8 -8 -7 -7 ------- Run | Scr Mat Min Mat Min Exi Min Mat Fac Was Slots Evolved 6 | . . . 2 . . . 2 2 . Power . | . . . . . . . . . . Propulsion . | . . . . . . . . . . Utility 6 | . . . 2 . . . 2 2 . Weapon . | . . . . . . . . . . Parts Attached 4 | 1 1 . 1 . . . 1 . . Power . | . . . . . . . . . . Engine . | . . . . . . . . . . Core . | . . . . . . . . . . Reactor . | . . . . . . . . . . Propulsion 2 | 1 . . . . . . 1 . . Treads 2 | 1 . . . . . . 1 . . Leg . | . . . . . . . . . . Wheel . | . . . . . . . . . . Hover . | . . . . . . . . . . Flight . | . . . . . . . . . . Utility 1 | . . . 1 . . . . . . Device . | . . . . . . . . . . Storage . | . . . . . . . . . . Processor . | . . . . . . . . . . Hackware 1 | . . . 1 . . . . . . Protection . | . . . . . . . . . . Artifact . | . . . . . . . . . . Weapon 1 | . 1 . . . . . . . . Energy Gun 1 | . 1 . . . . . . . . Energy Cannon . | . . . . . . . . . . Ballistic Gun . | . . . . . . . . . . Ballistic Cannon . | . . . . . . . . . . Launcher . | . . . . . . . . . . Special Weapon . | . . . . . . . . . . Impact Weapon . | . . . . . . . . . . Slashing Weapon . | . . . . . . . . . . Piercing Weapon . | . . . . . . . . . . Special Melee Weapon . | . . . . . . . . . . Unidentified Prototypes . | . . . . . . . . . . Parts Lost 4 | . . 1 1 . . . . 2 . Power . | . . . . . . . . . . Propulsion 2 | . . 1 . . . . . 1 . Utility 1 | . . . . . . . . 1 . Weapon 1 | . . . 1 . . . . . . Highest Loss Streak 2 | . . 1 2 . . . . 1 . To Critical Strikes . | . . . . . . . . . . Average Slot Usage (%) 13 | . 28 28 13 11 11 11 18 8 . Treads 5 | . 14 14 . . . . 9 5 . Hackware 5 | . . . 5 11 11 11 9 2 . Energy Gun 2 | . 14 14 8 . . . . . . Naked Turns 56 | . . . . . . . . 56 . Heaviest Build 2 | . 2 2 2 . . . . . . Greatest Support 20 | 20 3 3 3 3 3 3 3 3 . Greatest Overweight (x) . | . . . . . . . . . . Average Overweight (x) . | . . . . . . . . . . Largest Inventory Capacity 5 | 5 5 5 5 5 5 5 5 5 . Average Capacity 5 | 5 5 5 5 5 5 5 5 5 . Most Carried 5 | 5 5 5 5 4 4 4 3 3 . Average Carried 3 | 5 4 5 4 4 4 4 3 3 . Final Capacity 5 | 5 5 5 5 5 5 5 5 5 5 Final Carried 5 | 5 5 5 4 4 4 4 3 3 3 Class Distribution -------------------- 100% | Mutant Dominant Class ---------------- Mutant | -10/Materials Mutant | -10/Mines Mutant | -9/Materials Mutant | -9/Mines Mutant | -9/Exiles Mutant | -8/Mines Mutant | -8/Materials Mutant | -7/Factory Mutant | -7/Waste Resources | -11 -10 -10 -9 -9 -9 -8 -8 -7 -7 ----------- Run | Scr Mat Min Mat Min Exi Min Mat Fac Was Matter Collected 200 | 200 . . . . . . . . . Remotely . | . . . . . . . . . . Salvage Created 15 | . 15 . . . . . . . . Parts 2 | . 2 . . . . . . . . Haulers Intercepted . | . . . . . . . . . . Recyclers Shooed . | . . . . . . . . . . Parts Field Recycled . | . . . . . . . . . . Retrieved Matter . | . . . . . . . . . . Parts Self-Destructed . | . . . . . . . . . . Prevented . | . . . . . . . . . . Kills | -11 -10 -10 -9 -9 -9 -8 -8 -7 -7 ------- Run | Scr Mat Min Mat Min Exi Min Mat Fac Was Combat Hostiles Destroyed . | . . . . . . . . . . Classes Destroyed 1 | . 1 . . . . . . . . Operator 1 | . 1 . . . . . . . . Best Kill Streak 1 | . 1 . . . . . . . . Combat Bots Only . | . . . . . . . . . . Max Kills in Single Turn 1 | . 1 . . . . . . . . Gunslinging . | . . . . . . . . . . Exploded . | . . . . . . . . . . Melee . | . . . . . . . . . . Uniques/NPCs Destroyed . | . . . . . . . . . . Combat | -11 -10 -10 -9 -9 -9 -8 -8 -7 -7 -------- Run | Scr Mat Min Mat Min Exi Min Mat Fac Was Damage Taken 1298 | . 84 241 73 5 . 133 26 736 . Core 929 | . 26 96 60 3 . 133 3 608 . Absorbed by Shields . | . . . . . . . . . . Core Remaining (%) 75 | 100 . 51 . . . 51 99 . . Volleys Fired 5 | . 5 . . . . . . . . Largest 1 | . 1 . . . . . . . . Hottest 50 | . 50 . . . . . . . . Shots Fired 5 | . 5 . . . . . . . . Gun 5 | . 5 . . . . . . . . Cannon . | . . . . . . . . . . Launcher . | . . . . . . . . . . Special . | . . . . . . . . . . Kinetic . | . . . . . . . . . . Thermal 5 | . 5 . . . . . . . . Explosive . | . . . . . . . . . . Electromagnetic . | . . . . . . . . . . Robot Hit Streak 2 | . 2 . . . . . . . . Robot Miss Streak 3 | . 3 . . . . . . . . Penetration Max . | . . . . . . . . . . Secondary Targets . | . . . . . . . . . . Shots Hit Robots 2 | . 2 . . . . . . . . Core Hits 5 | . 2 . . . . . 2 1 . Critical Kills . | . . . . . . . . . . Critical Parts Destroyed . | . . . . . . . . . . Critical Strikes 1 | . 1 . . . . . . . . Burn 1 | . 1 . . . . . . . . Melee Attacks . | . . . . . . . . . . Impact . | . . . . . . . . . . Slashing . | . . . . . . . . . . Piercing . | . . . . . . . . . . Sneak Attacks . | . . . . . . . . . . Combat Hostiles . | . . . . . . . . . . Follow-up Attacks . | . . . . . . . . . . Damage Inflicted 228 | . 26 50 . 10 . . 17 125 . Guns 26 | . 26 . . . . . . . . Cannons . | . . . . . . . . . . Explosions . | . . . . . . . . . . Melee . | . . . . . . . . . . Ramming 202 | . . 50 . 10 . . 17 125 . Kinetic . | . . . . . . . . . . Thermal 26 | . 26 . . . . . . . . Explosive . | . . . . . . . . . . Electromagnetic . | . . . . . . . . . . Impact . | . . . . . . . . . . Slashing . | . . . . . . . . . . Piercing . | . . . . . . . . . . Highest Corruption 4 | . . 2 . . . . . 4 . Average Corruption 3 | . . 2 . . . . . 4 . Corruption Purged . | . . . . . . . . . . Corruption Blocked . | . . . . . . . . . . Effects 5 | . . 1 . . . . . 4 . Message Errors 4 | . . 1 . . . . . 3 . Alerts 1 | . . . . . . . . 1 . Overload Shots . | . . . . . . . . . . Overflow Damage . | . . . . . . . . . . Projectiles . | . . . . . . . . . . Explosions . | . . . . . . . . . . Melee . | . . . . . . . . . . Knockbacks 1 | . . 1 . . . . . . . Impact 1 | . . 1 . . . . . . . Kinetic . | . . . . . . . . . . Secondary . | . . . . . . . . . . Self-Inflicted Damage 91 | . . 22 . 5 . . 8 56 . Shots . | . . . . . . . . . . Rammed 46 | . . 9 . 2 . . 5 30 . Targets Rammed 46 | . . 9 . 2 . . 5 30 . Kicked . | . . . . . . . . . . Crushed . | . . . . . . . . . . Highest Temperature 25 | . 25 . . . . . . . . Average Temperature 25 | . 25 . . . . . . . . Received Heat Transfer 93 | . 30 . 18 . . 45 . . . Siege Activations . | . . . . . . . . . . Robots Corrupted . | . . . . . . . . . . Combat Hostiles . | . . . . . . . . . . Parts Fried . | . . . . . . . . . . Impact Corruptions . | . . . . . . . . . . Robots Melted . | . . . . . . . . . . Combat Hostiles . | . . . . . . . . . . Parts Melted 2 | . 2 . . . . . . . . Heat Transferred 148 | . 148 . . . . . . . . Parts Sabotaged . | . . . . . . . . . . Parts Stolen . | . . . . . . . . . . Parts Stripped . | . . . . . . . . . . Power Chain Reactions . | . . . . . . . . . . Missiles Intercepted . | . . . . . . . . . . Alert | -11 -10 -10 -9 -9 -9 -8 -8 -7 -7 ------- Run | Scr Mat Min Mat Min Exi Min Mat Fac Was Peak Influence 214 | . 34 28 18 6 . 15 88 214 . Initial 74 | . . 13 6 6 . . 5 39 74 Average 57 | . 12 18 9 6 . 3 31 114 . Maximum Alert Level 1 | . . . . . . . . 1 . Low Security (%) 95 | 100 100 100 100 100 . 100 100 88 . Level 1 4 | . . . . . . . . 11 . Level 2 . | . . . . . . . . . . Level 3 . | . . . . . . . . . . Level 4 . | . . . . . . . . . . Level 5 . | . . . . . . . . . . High Security . | . . . . . . . . . . Max Security . | . . . . . . . . . . Squads Dispatched 6 | . 1 . 1 . . 1 1 2 . Investigation 4 | . . . 1 . . 1 1 1 . Extermination . | . . . . . . . . . . Reinforcement 2 | . 1 . . . . . . 1 . Assault . | . . . . . . . . . . Garrison . | . . . . . . . . . . Intercept . | . . . . . . . . . . Searches Triggered . | . . . . . . . . . . Construction Impeded . | . . . . . . . . . . Haulers Reinforced . | . . . . . . . . . . Active Scanning Responses . | . . . . . . . . . . Cargo Convoy Interrupts . | . . . . . . . . . . Stealth | -11 -10 -10 -9 -9 -9 -8 -8 -7 -7 --------- Run | Scr Mat Min Mat Min Exi Min Mat Fac Was Distress Signals 3 | . 1 . . . . . . 2 . Communications Jammed . | . . . . . . . . . . Distress Signals . | . . . . . . . . . . Times Spotted 37 | . 5 6 2 . . 7 3 14 . Peak Tracking Total 6 | . 4 6 2 . . 6 4 6 . Tactical Retreats 5 | . . . . . . 1 1 3 . Traps | -11 -10 -10 -9 -9 -9 -8 -8 -7 -7 ------- Run | Scr Mat Min Mat Min Exi Min Mat Fac Was Traps Triggered 2 | . 1 . . . . . . 1 . Indirectly . | . . . . . . . . . . Trap Hack Attempts . | . . . . . . . . . . Triggered . | . . . . . . . . . . Disarmed . | . . . . . . . . . . Reprogrammed . | . . . . . . . . . . Reused . | . . . . . . . . . . Traps Extracted . | . . . . . . . . . . Installed . | . . . . . . . . . . Triggered . | . . . . . . . . . . Machines | -11 -10 -10 -9 -9 -9 -8 -8 -7 -7 ---------- Run | Scr Mat Min Mat Min Exi Min Mat Fac Was Machines Disabled . | . . . . . . . . . . Max in Single Turn . | . . . . . . . . . . Machines Sabotaged . | . . . . . . . . . . Garrisons Compromised . | . . . . . . . . . . Overloaded Fab Kills . | . . . . . . . . . . Hacking | -11 -10 -10 -9 -9 -9 -8 -8 -7 -7 --------- Run | Scr Mat Min Mat Min Exi Min Mat Fac Was Machines Accessed 5 | . 1 . 1 . . 1 1 1 . Terminals 5 | . 1 . 1 . . 1 1 1 . Fabricators . | . . . . . . . . . . Repair Stations . | . . . . . . . . . . Recycling Units . | . . . . . . . . . . Scanalyzers . | . . . . . . . . . . Garrison Access . | . . . . . . . . . . Total Hacks 13 | . 3 . 2 . . 4 2 2 . Successful 4 | . 2 . 1 . . . 1 . . Failed 9 | . 1 . 1 . . 4 1 2 . Catastrophic 4 | . . . 1 . . . 1 2 . Database Lockouts . | . . . . . . . . . . Manual 13 | . 3 . 2 . . 4 2 2 . Terminals 13 | . 3 . 2 . . 4 2 2 . Fabricators . | . . . . . . . . . . Repair Stations . | . . . . . . . . . . Recycling Units . | . . . . . . . . . . Scanalyzers . | . . . . . . . . . . Garrison Access . | . . . . . . . . . . Terminal Hacks 3 | . 1 . 1 . . . 1 . . Level Access Points 1 | . . . . . . . 1 . . Branch Access Points 2 | . 1 . 1 . . . . . . Fabricator Hacks . | . . . . . . . . . . Repair Station Hacks . | . . . . . . . . . . Recycling Unit Hacks . | . . . . . . . . . . Scanalyzer . | . . . . . . . . . . Garrison Access Hacks . | . . . . . . . . . . Unauthorized Hacks 1 | . 1 . . . . . . . . Terminals 1 | . 1 . . . . . . . . Operators 1 | . 1 . . . . . . . . Fabricators . | . . . . . . . . . . Repair Stations . | . . . . . . . . . . Recycling Units . | . . . . . . . . . . Scanalyzers . | . . . . . . . . . . Garrison Access . | . . . . . . . . . . Data Cores Recovered . | . . . . . . . . . . Used . | . . . . . . . . . . Hacking Detections 4 | . . . 1 . . 1 1 1 . Full Trace Events 4 | . . . 1 . . 1 1 1 . Feedback Events . | . . . . . . . . . . Feedback Blocked . | . . . . . . . . . . Robot Schematics Acquired . | . . . . . . . . . . Robots Built . | . . . . . . . . . . Authchips . | . . . . . . . . . . Time . | . . . . . . . . . . Total Robot Build Rating . | . . . . . . . . . . Part Schematics Acquired . | . . . . . . . . . . Parts Built . | . . . . . . . . . . Authchips . | . . . . . . . . . . Time . | . . . . . . . . . . Total Part Build Rating . | . . . . . . . . . . Parts Repaired . | . . . . . . . . . . Time . | . . . . . . . . . . Parts Recycled . | . . . . . . . . . . Recycled Matter . | . . . . . . . . . . Retrieved Matter . | . . . . . . . . . . Retrieved Components . | . . . . . . . . . . Parts Scanalyzed . | . . . . . . . . . . Part Schematics Acquired . | . . . . . . . . . . Parts Damaged . | . . . . . . . . . . Bothacking | -11 -10 -10 -9 -9 -9 -8 -8 -7 -7 ------------ Run | Scr Mat Min Mat Min Exi Min Mat Fac Was Used RIF Installer . | . . . . . . . . . . Robots Hacked . | . . . . . . . . . . Non-combat . | . . . . . . . . . . Combat . | . . . . . . . . . . Robot Hacks Applied . | . . . . . . . . . . Relay Couplers Released . | . . . . . . . . . . Fabnet Peak Effective % . | . . . . . . . . . . Robots Rewired . | . . . . . . . . . . Allies Hacked . | . . . . . . . . . . Hacks Repelled . | . . . . . . . . . . Allies | -11 -10 -10 -9 -9 -9 -8 -8 -7 -7 -------- Run | Scr Mat Min Mat Min Exi Min Mat Fac Was Total Allies 1 | . . 1 . . . . . . . Largest Group 1 | . . 1 . . . . . . . Highest-Rated Group 31 | . . 31 . . . . . . . Highest-Rated Ally 31 | . . 31 . . . . . . . Total Orders . | . . . . . . . . . . Ally Attacks . | . . . . . . . . . . Total Damage . | . . . . . . . . . . Kills . | . . . . . . . . . . Allies Corrupted . | . . . . . . . . . . Allies Melted . | . . . . . . . . . . Intel | -11 -10 -10 -9 -9 -9 -8 -8 -7 -7 ------- Run | Scr Mat Min Mat Min Exi Min Mat Fac Was Robot Analysis Total . | . . . . . . . . . . Derelict Logs Recovered 2 | . . 1 . 1 . . . . . Drone Launches . | . . . . . . . . . . Drone Recoveries . | . . . . . . . . . . Exploration | -11 -10 -10 -9 -9 -9 -8 -8 -7 -7 ------------- Run | Scr Mat Min Mat Min Exi Min Mat Fac Was Turns Passed 644 | 4 63 51 31 98 77 21 55 244 . Spaces Moved 1156 | 3 98 84 59 192 154 41 98 427 . Core 1154 | 1 98 84 59 192 154 41 98 427 . Treads 2 | 2 . . . . . . . . . Legs . | . . . . . . . . . . Wheels . | . . . . . . . . . . Hover . | . . . . . . . . . . Flight . | . . . . . . . . . . Fastest Speed 50 | 50 50 50 50 50 50 50 50 50 . Average Speed 50 | 123 50 50 50 50 50 50 50 50 . Slowest Speed 160 | 160 50 50 50 50 50 50 50 50 . Overloaded Moves . | . . . . . . . . . . Propulsion Burnouts . | . . . . . . . . . . Robots Hopped . | . . . . . . . . . . Cave-ins Triggered . | . . . . . . . . . . Exploration Rate (%) 23 | 2 26 25 12 47 54 22 14 17 11 Regions Visited 9 Branch Regions 4 Pre-discovered Areas 1 | . . . . 1 . . . . . Known Exits Taken 3 | . 1 . 1 . . . 1 . . Unknown Exits Taken 5 | 1 . 1 . 1 1 1 . . . Scrap Searched 2 | . . 1 . . . 1 . . . Spaces Dug . | . . . . . . . . . . Terrain Destroyed . | . . . . . . . . . . Melee . | . . . . . . . . . . Projectile . | . . . . . . . . . . AOE . | . . . . . . . . . . Terrain Rammed . | . . . . . . . . . . Walls Destroyed . | . . . . . . . . . . Machines Disabled . | . . . . . . . . . . Actions | -11 -10 -10 -9 -9 -9 -8 -8 -7 -7 --------- Run | Scr Mat Min Mat Min Exi Min Mat Fac Was Total 1206 | 3 106 92 59 193 153 40 103 457 . Wait . | . . . . . . . . . . Move 1148 | 2 97 83 58 191 153 40 97 427 . Hop . | . . . . . . . . . . Pick Up 2 | . 2 . . . . . . . . Fast Attach 1 | 1 . . . . . . . . . Attach 3 | . 1 . 1 . . . 1 . . Detach . | . . . . . . . . . . Swap . | . . . . . . . . . . Drop 1 | . 1 . . . . . . . . Fire 5 | . 5 . . . . . . . . Melee . | . . . . . . . . . . Ram 46 | . . 9 . 2 . . 5 30 . Kick . | . . . . . . . . . . Crush . | . . . . . . . . . . Escape Stasis . | . . . . . . . . . . Rewire . | . . . . . . . . . . Trap . | . . . . . . . . . . Miscellaneous . | . . . . . . . . . . Route ------- -11/Scrapyard -10/Materials (discovered 2 exits: *Min x2) -10/Mines -9/Materials (discovered 2 exits: *Min x2) -9/Mines -9/Exiles -8/Mines -8/Materials (discovered 3 exits: *Fac x3) -7/Factory -7/Waste History --------- Turn | Location | Event 1 | -11/Scrapyard | Released all parts (6) 1 | -11/Scrapyard | Discovered new exit (range 3) 5 | -11/Scrapyard | Entered Materials 24 | -10/Materials | Identified exit to Mines 68 | -10/Materials | Entered Mines 71 | -10/Mines | Received a Mining Laser from a helpful Derelict 110 | -10/Mines | Discovered new exit (range 16) 111 | -10/Mines | Learned Materials stockpile data 119 | -10/Mines | Entered Materials 119 | -9/Materials | Evolved 2 slots: Utility x2 140 | -9/Materials | Identified exit to Mines 150 | -9/Materials | Entered Mines 155 | -9/Mines | Learned location of Storage (-7) 206 | -9/Mines | Learned 2 Materials zone layouts 246 | -9/Mines | Deemed a non-threat by the Exiles lab entrance 246 | -9/Mines | Discovered new exit (range 5) 248 | -9/Mines | Entered Exiles 261 | -9/Exiles | Met 8R-AWN 269 | -9/Exiles | Met EX-HEX 283 | -9/Exiles | Met EX-BIN 289 | -9/Exiles | Aligned with FarCom system 289 | -9/Exiles | Given EX-Vault access code 303 | -9/Exiles | Met EX-DEC 311 | -9/Exiles | Build established: Mutant 320 | -9/Exiles | Discovered new exit (range 14) 325 | -9/Exiles | Entered Mines 340 | -8/Mines | Discovered new exit (range 14) 346 | -8/Mines | Entered Materials 346 | -8/Materials | Evolved 2 slots: Utility x2 374 | -8/Materials | Identified exit to Factory 401 | -8/Materials | Entered Factory 401 | -7/Factory | Evolved 2 slots: Utility x2 603 | -7/Factory | Core integrity fell below 50% 631 | -7/Factory | Core integrity fell below 20% 640 | -7/Factory | Discovered new exit (range 10) 645 | -7/Factory | Sucked down chute 645 | -7/Factory | Entered Waste 645 | -7/Waste | Self-destructed Last Messages --------------- 00581_ ALERT: Suspicious activity at Terminal F017. Dispatching Investigation squad. 00582_ Slammed into S-27 Virus. 00589_ Lgt. Treads destroyed. 00589_ Slammed into S-27 Virus. 00589_ Destabilizing: Core damaged (-35). 00590_ Slammed into S-27 Virus. 00593_ Destabilizing: Core damaged (-28). 00594_ Slammed into S-27 Virus. 00603_ Destabilizing: Core damaged (-7). 00604_ Slammed into S-27 Virus. 00606_ Q19<8MS|IEXHUTEE2&S>/DR 8 00606_ Slammed into S-27 Virus. 00639_ K-01 Serf cleans the Neutrino Reactor. 00640_ EXIT=FOUND 00645_ Triggered Chute Trap. 00645_ A hatch slides open and sucks a vortex of air into the floor. LOCATION=UNKNOWN GOAL=ESCAPE 00645_ Receiving FarCom transmissions... Map ----- +----------------------------------------------------+ | ??????????????????????????????????????????? | | ??????????????????????????????????????????? | | ??????????????????????????????????????????? | | ??????????????????????????????????????????? | | ??????????????????????????????????????????? | | ??????????????????????????????????????????? | | ??????????????????????????????????????????? | | ??????????????????????????????????????????? | | ??????????????????????????????????????????? | | ??????????????????????????????????????????? | | ??????????????????????????????????????????? | | ??????????????????????????????????????????? | | ??????????????????????????????????????????? | | ??????????????????????????????????????????? | | ??????????????????????????????????????????? | | ??????????????????????????????????????????? | | ??????????????????????????????????????????? | | ??????????????????????????????????????????? | | ??????????????????????????????????????????? | | ??????????????????????????????????????????? | | ?????????????############?????????????????? | | ?????????????# #?????????????????? | | ?????????????# #?????????????????? | | ?????????????# #### #?????????? | | ?????????????# ????????? | | ?????????????# @ ????????? | | ?????????????# ????????? | | ?????????????# ????????? | | ?????????????# #### #?????????? | | ?????????????# #???????#?????????? | | ?????????????# g [ #?????????????????? | | ?????????????############?????????????????? | | ??????????????????????????????????????????? | | ??????????????????????????????????????????? | | ??????????????????????????????????????????? | | ??????????????????????????????????????????? | | ??????????????????????????????????????????? | | ??????????????????????????????????????????? | | ??????????????????????????????????????????? | | ??????????????????????????????????????????? | | ??????????????????????????????????????????? | | ??????????????????????????????????????????? | | ??????????????????????????????????????????? | | ??????????????????????????????????????????? | | ??????????????????????????????????????????? | | ??????????????????????????????????????????? | | ??????????????????????????????????????????? | | ??????????????????????????????????????????? | | ??????????????????????????????????????????? | | ??????????????????????????????????????????? | +----------------------------------------------------+ Best States ------------- Heat Dissipation 34 Energy Generation 5 Energy Capacity 100 Matter Stores 300 Matter Capacity 300 Sight Range 16 Terrain Scan Density 10 Evasion (%) 50 Offensive Hacking 10 Item Schematics ----------------- None Robot Schematics ------------------ None Fabricated ------------ Nothing Alien Tech Used ----------------- None Achievements -------------- None Challenges ------------ None Game ------ Seed ArcConcussiveWell Manual? 0 Play Time 00:09:44 Cumulative 342.2 hours Start 2022.05.04 @ 13:52:36 End 2022.05.04 @ 14:02:12 Sessions 1 Manual Loads 0 Difficulty Rogue Special Mode None Game No. 114 Rogue 114 Adventurer 0 Explorer 0 Win Type - Total 7 Types 3/1/0/1/2/0/0/0/0 Lore% 66 Gallery% 78 Achievement% 69 Wizard Run 0 Options --------- ASCII 0 Keyboard 0 Movement Mouse Keybinds 0 Fullscreen 0 Font 28/SmallcapsGlow Map View 72x54 Tactical HUD 1 Map Filters NONE Filters NONE Steam 1 RUN: 80eec6c2-f9f1-482c-98a0-39f38652ef79